 Dungeon Crawl Stone Soup version 0.26-b1-32-g5d43845318 (webtiles) character file.

Game seed: 10202705345991195049

3622 Yorgos the Blocker (level 10, -8/82 HPs)
             Began as a Formicid Fighter on Jan 11, 2021.
             Was a Believer of Cheibriados.
             Mangled by a white ugly thing (20 damage)
             ... on level 8 of the Dungeon.
             The game lasted 00:12:17 (8256 turns).

Yorgos the Blocker (Formicid Fighter)               Turns: 8256, Time: 00:12:18

Health: -8/82      AC: 12    Str: 28    XL:     10   Next: 32%
Magic:  10/10      EV:  8    Int: 12    God:    Cheibriados [**....]
Gold:   192        SH: 12    Dex: 14    Spells: 9/9 levels left

rFire    . . .     SeeInvis +   a - +3 war axe (venom)
rCold    . . .     Faith    .   c - +0 kite shield
rNeg     . . .     Spirit   .   h - +0 chain mail
rPois    .         Reflect  .   (helmet unavailable)
rElec    .         Harm     .   G - +0 cloak
rCorr    .         Rampage  .   (no gloves)
Will     +....                  (no boots)
Stlth    ..........             (no amulet)
HPRegen  0.23/turn              (no ring)
MPRegen  0.12/turn              (no ring)

@: very slow
A: permanent stasis, dig shafts and tunnels, four strong arms, antennae 3
a: Dig, Shaft Self, Renounce Religion, Bend Time


You were on level 8 of the Dungeon.
You worshipped Cheibriados.
Cheibriados was pleased with you.
You visited 2 branches of the dungeon, and saw 9 of its levels.

You collected 458 gold pieces.
You spent 266 gold pieces at shops.

Inventory:

Hand Weapons
 a - a +3 war axe of venom (weapon)
Missiles
 b - 9 curare-tipped darts
 e - 86 sling bullets
 g - 400 stones
 l - 141 arrows
 r - 30 poisoned darts
 D - 59 bolts
Armour
 c - a +0 kite shield (worn)
 h - a +0 chain mail (worn)
 G - a +0 cloak (worn)
Jewellery
 p - a cursed -4 ring of dexterity
 s - an uncursed ring of ice {unknown}
 v - a +6 ring of dexterity
 x - an uncursed ring of wizardry
 z - a +6 ring of dexterity
Wands
 o - a wand of flame (33)
 w - a wand of random effects (22)
 A - a wand of enslavement (4)
 H - a wand of acid (9)
Scrolls
 f - 5 scrolls of fear
 i - 4 scrolls of teleportation
 j - 2 scrolls of enchant armour
 m - 2 scrolls of immolation
 q - a scroll of fog
 u - 5 scrolls of remove curse
 y - a scroll of enchant weapon {unknown}
 B - 2 scrolls of amnesia
 C - 2 scrolls of noise
 F - a scroll of magic mapping
 I - a scroll of vulnerability {unknown}
 J - a scroll of blinking {unknown}
Potions
 d - a potion of might
 k - a potion of flight
 n - 2 potions of mutation
 t - a potion of magic
 E - 2 potions of curing


   Skills:
 + Level 8.5 Fighting
 + Level 7.3 Axes
 + Level 8.4 Armour
 + Level 9.3 Shields


You had 9 spell levels left.
You didn't know any spells.
Your spell library contained the following spells:

 Spells                   Type           Power        Failure   Level
 Corona                   Hex            0%           83%         1
 Ensorcelled Hibernation  Hex/Ice        0%           92%         2
 Confusing Touch          Hex            0%           99%         3
 Dazzling Flash           Conj/Hex       0%           99%         3
 Tukima's Dance           Hex            0%           99%         3


Dungeon Overview and Level Annotations

Branches:
Dungeon (8/15)             Temple (1/1) D:4
   Lair: D:8-11

Altars:
Ashenzari
Cheibriados
Dithmenos
Elyvilon
Hepliaklqana
Kikubaaqudgha
Makhleb
Okawaru
Sif Muna
Trog
Uskayaw
Vehumet
Wu Jian
Yredelemnul

Shops:
D:6 *[(:[

Annotations:
D:5 2 transporters, Menkaure
D:6 1 runed translucent door, Crazy Yiuf


Innate Abilities, Weirdness & Mutations

You cannot be hasted, slowed, berserked, paralysed or teleported.
You can dig through walls and to a lower floor.
Your four strong arms can wield two-handed weapons with a shield.
You have a pair of large antennae on your head. (SInv)


Message History

You slash the white ugly thing!
The white ugly thing is heavily wounded.
You slash the necrophage!
You destroy the necrophage!
Cheibriados appreciates the change of pace.
You block the white ugly thing's attack.
You hit the white ugly thing but do no damage.
The white ugly thing looks as sick as possible!
The white ugly thing is heavily wounded.
You slash the yak! The yak barely misses you. The white ugly thing bites you!
The white ugly thing freezes you!!
* * * LOW HITPOINT WARNING * * *
You barely miss the yak.
The yak is heavily wounded.
You slash the white ugly thing! The yak gores you!
* * * LOW HITPOINT WARNING * * *
The white ugly thing bites you.
* * * LOW HITPOINT WARNING * * *
The white ugly thing freezes you!!
You die...

...##..... .........
... #....#!. #...
#....... ....
#..#......# .....
#..#......##.....
###..#:....B.......
....######...?#...
####......@uB.......
..........Y......##
#..............#
#........†.......
#..#.........#...
#..#.........#...
#..#.........# ..
#..#.........# ###
#..#"........# .


You could see a white ugly thing (extremely poisoned), a yak (poisoned) and a
worker ant.

Vanquished Creatures
  Pikel (D:3)
  Grinder (D:3)
  A shadow (D:7)
  Sigmund (D:2)
  A yak (D:7)
  Edmund (D:4)
  Duvessa (D:4)
  2 ice beasts
  A sky beast (D:7)
  A black bear (D:7)
  A phantom (D:8)
  2 ogres
  An eye of draining (D:6)
  A necrophage (D:8)
  A centaur (D:5)
  2 big kobolds (D:6)
  4 bullfrogs
  Dowan (D:4)
  2 scorpions (D:8)
  A howler monkey (D:5)
  2 bullfrog zombies (D:6)
  3 hounds
  A jelly (D:5)
  5 orc wizards
  A bullfrog skeleton (D:4)
  Natasha (thrice) (D:2)
  4 worker ants
  A killer bee zombie (D:5)
  A hound zombie (D:8)
  2 hound skeletons (D:7)
  A worker ant zombie (D:5)
  7 gnolls
  6 adders
  A shadow imp (D:5)
  An ufetubus (D:7)
  2 oozes
  An adder skeleton (D:8)
  3 worms
  3 dart slugs
  4 leopard geckos
  11 orcs
  2 ball pythons
  2 giant cockroaches
  8 goblins
  9 hobgoblins
  11 jackals
  2 quokkas (D:2)
  9 bats
  6 frilled lizards
  7 kobolds
  A quokka skeleton (D:4)
  4 rats
151 creatures vanquished.

Vanquished Creatures (others)
  A plant (D:1)
1 creature vanquished.

Grand Total: 152 creatures vanquished

Notes
Turn   | Place    | Note
-------+----------+-------------------------------------------
     0 | D:1      | Yorgos the Formicid Fighter began the quest for the Orb.
     0 | D:1      | Reached XP level 1. HP: 18/18 MP: 1/1
    27 | D:1      | Reached XP level 2. HP: 24/24 MP: 2/2
   472 | D:1      | Reached XP level 3. HP: 29/29 MP: 3/3
   622 | D:1      | Reached skill level 4 in Shields
  1233 | D:2      | Noticed Natasha
  1244 | D:2      | Killed Natasha
  1245 | D:2      | Reached XP level 4. HP: 27/37 MP: 4/4
  1457 | D:2      | Noticed Natasha
  1473 | D:2      | Killed Natasha
  1526 | D:2      | Noticed Natasha
  1530 | D:2      | You fall into a shaft and drop 2 floors!
  1530 | D:4      | Noticed Dowan
  1580 | D:3      | Reached XP level 5. HP: 14/42 MP: 5/5
  1990 | D:3      | Noticed Grinder
  2253 | D:2      | Killed Natasha
  2298 | D:2      | Reached XP level 6. HP: 36/49 MP: 6/6
  2450 | D:2      | Noticed Sigmund
  2459 | D:2      | Killed Sigmund
  2460 | D:2      | Reached skill level 5 in Shields
  2928 | D:3      | Reached XP level 7. HP: 54/55 MP: 7/7
  3007 | D:3      | Found a radiant altar of Vehumet.
  3095 | D:3      | Killed Grinder
  3096 | D:3      | Reached skill level 5 in Fighting
  3096 | D:3      | Reached skill level 5 in Armour
  3626 | D:4      | Reached skill level 6 in Shields
  3848 | D:4      | Reached XP level 8. HP: 61/63 MP: 8/8
  4031 | D:4      | Noticed Pikel
  4031 | D:4      | Noticed Edmund
  4120 | D:3      | Killed Pikel
  4121 | D:3      | Reached skill level 5 in Axes
  4121 | D:3      | Reached skill level 7 in Shields
  4426 | D:4      | Killed Edmund
  4599 | D:4      | Found a staircase to the Ecumenical Temple.
  4608 | Temple   | Entered the Ecumenical Temple
  4717 | Temple   | Became a worshipper of Cheibriados the Contemplative
  4741 | D:4      | Reached XP level 9. HP: 57/71 MP: 9/9
  5020 | D:4      | Noticed Duvessa
  5029 | D:4      | Killed Duvessa
  5031 | D:4      | Killed Dowan
  5436 | D:5      | Entered Level 5 of the Dungeon
  5521 | D:5      | Found a basalt altar of Yredelemnul.
  5521 | D:5      | Found an ancient bone altar of Kikubaaqudgha.
  5522 | D:5      | Noticed Menkaure
  5524 | D:5      | Found a transporter.
  5537 | D:5      | Found a transporter.
  5796 | D:5      | Reached skill level 8 in Shields
  5908 | D:5      | Reached * piety under Cheibriados
  6140 | D:5      | Found a shimmering blue altar of Sif Muna.
  6234 | D:6      | Found Vengiud's General Store.
  6247 | D:6      | Bought a scroll of identify for 26 gold pieces
  6247 | D:6      | Bought a scroll of magic mapping for 45 gold pieces
  6324 | D:6      | Found a bloodstained altar of Trog.
  6458 | D:6      | Found Bougug's Antique Weapon Emporium.
  6506 | D:6      | Bought a runed war axe for 195 gold pieces
  6834 | D:6      | Found Xyhox's Antique Armour Shop.
  7032 | D:6      | Found Hakoqy's Book Shoppe.
  7048 | D:6      | Found Kokep's Antique Armour Emporium.
  7201 | D:6      | Found a runed translucent door.
  7202 | D:6      | Noticed Crazy Yiuf
  7679 | D:7      | Reached XP level 10. HP: 64/80 MP: 10/10
  7822 | D:7      | Reached ** piety under Cheibriados
  7823 | D:7      | Reached skill level 9 in Shields
  8246 | D:8      | Noticed a white ugly thing
  8256 | D:8      | Mangled by a white ugly thing

Illustrated notes

Levels and vault maps discovered:
D:1:      lemuel_arrival_river_ford, layout_loops_ring, serial_bayou_pond_a
D:2:      layout_loops_ring, minivault_5, uniq_sigmund, uniq_natasha
D:3:      layout_loops_ring, lemuel_doored_altar, uniq_grinder
D:4:      layout_basic, minmay_temple_entry_hall, uniq_pikel, uniq_edmund,
          uniq_duvessa
D:5:      layout_rooms, gammafunk_temple_of_torment, lemuel_blue_sif_altar,
          fountainhead
D:6:      lemuel_ice_spiral_2, layout_basic, trog_eyes_of_draining,
          serial_shops, shop, nicolae_shop_statue_plus, nicolae_shop_waterfront,
          kennysheep_little_box, nicolae_shop_crystal, uniq_crazy_yiuf_cottage
D:7:      minmay_slanted_spiral_squares, layout_rooms
D:8:      minmay_cut_squares, layout_basic
Temple:   nicolae_temple_figure_zero

Skill      XL: |  1  2  3  4  5  6  7  8  9 10 |
---------------+-------------------------------+-----
Shields        | 4 5 6 7 8 9 |  9.3
Fighting       | 4 5 6 7 8 |  8.5
Armour         | 4 5 6 7 8 |  8.4
Axes           | 3 4 5 6 7 |  7.3

Action                   |  1- 3 |  4- 6 |  7- 9 | 10-12 || total
-------------------------+-------+-------+-------+-------++-------
Melee: War axe           |    83 |   139 |   309 |    65 ||   596
 Abil: Dig               |       |     2 |     1 |       ||     3
       Shaft Self        |       |     1 |       |       ||     1
Evoke: Wand              |       |       |     1 |       ||     1
  Use: Potion            |       |     2 |     3 |       ||     5
       Scroll            |       |       |    11 |       ||    11
Armor: Scale mail        |    27 |    23 |       |       ||    50
       Chain mail        |       |    46 |   132 |    16 ||   194
       Skin              |       |     5 |       |       ||     5
Dodge: Dodged            |    27 |    39 |    81 |    22 ||   169
Block: Kite shield       |    58 |    75 |   178 |    42 ||   353
